TOP OF THE 1ST |
Montana Pandas batting - Pitching for Houston 1837 BBC : LHP Roy Alsobrook
|
Pitching: LHP Roy Alsobrook
|
|
Batting: LHB Roberto Fierro
|
0-0: Called Strike 0-1: Ground out 6-3 (Groundball, 6M)
|
Batting: LHB Melvin Castro
|
0-0: Ball 1-0: Ball 2-0: Swinging Strike 2-1: Called Strike 2-2: Ball 3-2: Strikes out swinging
|
Batting: RHB Phil Sherman
|
0-0: Foul Ball, location: 2F 0-1: Ball 1-1: Ball 2-1: Fly out, F8 (Flyball, 8RD)
|
Top of the 1st over - 0 runs, 0 hits, 0 errors, 0 left on base; Montana 0 - Houston 0 |
BOTTOM OF THE 1ST |
Houston 1837 BBC batting - Pitching for Montana Pandas : LHP Shigemasa Horiuchi
|
Pitching: LHP Shigemasa Horiuchi
|
|
Batting: LHB Damian Delaney
|
0-0: Ball 1-0: Ball 2-0: Ball 3-0: Called Strike 3-1: Base on Balls
|
Batting: RHB Lytle Creek
|
0-0: Ball 1-0: Fielders Choice at 2nd, 4-6 (Groundball, 4)
|
Batting: SHB Galtero Suárez
|
0-0: Fly out, F9 (Flyball, 9LS)
|
Batting: RHB Bob Dickerson
|
0-0: Called Strike 0-1: Fielders Choice at 2nd, 5-4 (Groundball, 56)
|
Bottom of the 1st over - 0 runs, 0 hits, 0 errors, 1 left on base; Montana 0 - Houston 0 |
TOP OF THE 2ND |
Montana Pandas batting - Pitching for Houston 1837 BBC : LHP Roy Alsobrook
|
Batting: RHB Armando Alvarado
|
0-0: Ball 1-0: Called Strike 1-1: Called Strike 1-2: Ball 2-2: Strikes out swinging
|
Batting: RHB Bernardo Herrera
|
0-0: Foul Ball, location: 2F 0-1: Fly out, F7 (Flyball, 78M)
|
Batting: LHB Chris McKinney
|
0-0: Foul Ball, location: 2F 0-1: Called Strike 0-2: Ball 1-2: Ball 2-2: Fly out, F6 (Popup, 4M)
|
Top of the 2nd over - 0 runs, 0 hits, 0 errors, 0 left on base; Montana 0 - Houston 0 |
BOTTOM OF THE 2ND |
Houston 1837 BBC batting - Pitching for Montana Pandas : LHP Shigemasa Horiuchi
|
Batting: RHB Scott Robertson
|
0-0: Called Strike 0-1: Foul Ball, location: 2F 0-2: Strikes out swinging
|
Batting: RHB Armond Merlin
|
0-0: Ball 1-0: Called Strike 1-1: Swinging Strike 1-2: Ball 2-2: Foul Ball, location: 2F 2-2: Strikes out swinging
|
Batting: RHB Anastasio Hernández
|
0-0: Ground out 6-3 (Groundball, 6)
|
Bottom of the 2nd over - 0 runs, 0 hits, 0 errors, 0 left on base; Montana 0 - Houston 0 |
TOP OF THE 3RD |
Montana Pandas batting - Pitching for Houston 1837 BBC : LHP Roy Alsobrook
|
Batting: RHB Logan Namajunas
|
0-0: Swinging Strike 0-1: Foul Ball, location: 2F 0-2: Ball 1-2: Foul Ball, location: 2F 1-2: Foul Ball, location: 2F 1-2: Ball 2-2: Ball 3-2: Foul Ball, location: 2F 3-2: Foul Ball, location: 2F 3-2: Ground out 6-3 (Groundball, 6S)
|
Batting: RHB Casey Cavell
|
0-0: Ball 1-0: Foul Ball, location: 2F 1-1: Called Strike 1-2: Strikes out looking
|
Batting: SHB Terumoto Kurihara
|
0-0: Ball 1-0: Swinging Strike 1-1: Ball 2-1: Swinging Strike 2-2: SINGLE (Groundball, 4MD)
|
Batting: LHB Roberto Fierro
|
0-0: Ball 1-0: Swinging Strike 1-1: Ball 2-1: Foul Ball, location: 2F 2-2: 2-RUN HOME RUN (Line Drive, 7LD), Distance : 359 ft
|
Batting: LHB Melvin Castro
|
0-0: DOUBLE (Line Drive, 89XD)
|
Batting: RHB Phil Sherman
|
0-0: Called Strike 0-1: Ground out 3-1 (Groundball, 23)
|
Top of the 3rd over - 2 runs, 3 hits, 0 errors, 1 left on base; Montana 2 - Houston 0 |
BOTTOM OF THE 3RD |
Houston 1837 BBC batting - Pitching for Montana Pandas : LHP Shigemasa Horiuchi
|
Batting: RHB David Gómez
|
0-0: Ground out 6-3 (Groundball, 6)
|
Batting: LHB Fa-tang Wang
|
0-0: Ball 1-0: Ground out 6-3 (Groundball, 6)
|
Batting: LHB Damian Delaney
|
0-0: Ball 1-0: SINGLE (Groundball, 4MS) (infield hit)
|
Batting: RHB Lytle Creek
|
0-0: Ball 1-0: Ball 2-0: Swinging Strike 2-1: Called Strike Damian Delaney steals 2nd base 2-2: Foul Ball, location: 2F 2-2: Ball 3-2: Ground out 5-3 (Groundball, 5)
|
Bottom of the 3rd over - 0 runs, 1 hit, 0 errors, 1 left on base; Montana 2 - Houston 0 |
TOP OF THE 4TH |
Montana Pandas batting - Pitching for Houston 1837 BBC : LHP Roy Alsobrook
|
Batting: RHB Armando Alvarado
|
0-0: Foul Ball, location: 2F 0-1: Ball 1-1: Swinging Strike 1-2: Ball 2-2: Strikes out swinging
|
Batting: RHB Bernardo Herrera
|
0-0: Swinging Strike 0-1: Ball 1-1: Ball 2-1: Ground out 4-3 (Groundball, 4)
|
Batting: LHB Chris McKinney
|
0-0: Swinging Strike 0-1: Called Strike 0-2: Foul Ball, location: 2F 0-2: Foul Ball, location: 2F 0-2: Ball 1-2: Fly out, F8 (Flyball, 8RS)
|
Top of the 4th over - 0 runs, 0 hits, 0 errors, 0 left on base; Montana 2 - Houston 0 |
BOTTOM OF THE 4TH |
Houston 1837 BBC batting - Pitching for Montana Pandas : LHP Shigemasa Horiuchi
|
Batting: SHB Galtero Suárez
|
0-0: Called Strike 0-1: Ground out 6-3 (Groundball, 6)
|
Batting: RHB Bob Dickerson
|
0-0: SINGLE (Line Drive, 9S)
|
Batting: RHB Scott Robertson
|
0-0: Foul Ball, location: 2F 0-1: Foul Ball, location: 2F 0-2: 2-RUN HOME RUN (Flyball, 9LD), Distance : 351 ft
|
Batting: RHB Armond Merlin
|
0-0: Called Strike 0-1: Ball 1-1: Foul Ball, location: 2F 1-2: Foul Ball, location: 2F 1-2: Foul Ball, location: 2F 1-2: Ball 2-2: Ground out 4-3 (Groundball, 4MS)
|
Batting: RHB Anastasio Hernández
|
0-0: Fly out, F2 (Popup, 2LF)
|
Bottom of the 4th over - 2 runs, 2 hits, 0 errors, 0 left on base; Montana 2 - Houston 2 |
TOP OF THE 5TH |
Montana Pandas batting - Pitching for Houston 1837 BBC : LHP Roy Alsobrook
|
Batting: RHB Logan Namajunas
|
0-0: Ball 1-0: Ball 2-0: Ball 3-0: Called Strike 3-1: Base on Balls
|
Batting: RHB Casey Cavell
|
0-0: Ball 1-0: Fly out, F7 (Flyball, 78M)
|
Batting: SHB Terumoto Kurihara
|
0-0: Fly out, F3 (Line Drive, 34)
|
Batting: LHB Roberto Fierro
|
0-0: Ball 1-0: Ball 2-0: Ball 3-0: Called Strike 3-1: Fly out, F7 (Flyball, 78D)
|
Top of the 5th over - 0 runs, 0 hits, 0 errors, 1 left on base; Montana 2 - Houston 2 |
BOTTOM OF THE 5TH |
Houston 1837 BBC batting - Pitching for Montana Pandas : LHP Shigemasa Horiuchi
|
Batting: RHB David Gómez
|
0-0: Ball 1-0: SINGLE (Groundball, 6MD) (infield hit)
|
Batting: LHB Fa-tang Wang
|
0-0: Ball 1-0: Swinging Strike 1-1: Called Strike 1-2: Strikes out swinging
|
Batting: LHB Damian Delaney
|
0-0: Ball 1-0: Swinging Strike 1-1: Foul Ball, location: 2F 1-2: Strikes out swinging
|
Batting: RHB Lytle Creek
|
0-0: Swinging Strike 0-1: Ball 1-1: Ball 2-1: Foul Ball, location: 2F 2-2: Strikes out swinging
|
Bottom of the 5th over - 0 runs, 1 hit, 0 errors, 1 left on base; Montana 2 - Houston 2 |
TOP OF THE 6TH |
Montana Pandas batting - Pitching for Houston 1837 BBC : LHP Roy Alsobrook
|
Batting: LHB Melvin Castro
|
0-0: Ball 1-0: Fly out, F9 (Flyball, 89M)
|
Batting: RHB Phil Sherman
|
0-0: Foul Ball, location: 2F 0-1: Called Strike 0-2: Ground out 5-3 (Groundball, 56)
|
Batting: RHB Armando Alvarado
|
0-0: Fly out, F7 (Flyball, 7S)
|
Top of the 6th over - 0 runs, 0 hits, 0 errors, 0 left on base; Montana 2 - Houston 2 |
BOTTOM OF THE 6TH |
Houston 1837 BBC batting - Pitching for Montana Pandas : LHP Shigemasa Horiuchi
|
Batting: SHB Galtero Suárez
|
0-0: Called Strike 0-1: Ball 1-1: Foul Ball, location: 2F 1-2: Strikes out looking
|
Batting: RHB Bob Dickerson
|
0-0: Ball 1-0: Ball 2-0: Fly out, F4 (Line Drive, 4)
|
Batting: RHB Scott Robertson
|
0-0: Called Strike 0-1: Foul Ball, location: 2F 0-2: Foul Ball, location: 2F 0-2: Ball 1-2: Ball 2-2: Ball 3-2: Fly out, F9 (Flyball, 89M)
|
Bottom of the 6th over - 0 runs, 0 hits, 0 errors, 0 left on base; Montana 2 - Houston 2 |
TOP OF THE 7TH |
Montana Pandas batting - Pitching for Houston 1837 BBC : LHP Roy Alsobrook
|
Batting: RHB Bernardo Herrera
|
0-0: Ball 1-0: Ball 2-0: SINGLE (Flyball, 9S)
|
Batting: LHB Chris McKinney
|
0-0: Foul Ball, location: 2F 0-1: Ball 1-1: Fly out, F8 (Flyball, 8LS)
|
Pitching: RHP Emil Olsson
|
|
Batting: RHB Logan Namajunas
|
0-0: Ball Bernardo Herrera is caught stealing 2nd base 1-0: Ball 2-0: Fly out, F4 (Line Drive, 4M)
|
Top of the 7th over - 0 runs, 1 hit, 0 errors, 0 left on base; Montana 2 - Houston 2 |
BOTTOM OF THE 7TH |
Houston 1837 BBC batting - Pitching for Montana Pandas : LHP Shigemasa Horiuchi
|
Batting: RHB Armond Merlin
|
0-0: Called Strike 0-1: Ball 1-1: Ball 2-1: SINGLE (Line Drive, 3D)
|
Batting: RHB Anastasio Hernández
|
0-0: Ball 1-0: Called Strike 1-1: Ball 2-1: Fly out, F9 (Flyball, 9S)
|
Batting: RHB David Gómez
|
0-0: Ball 1-0: Called Strike 1-1: Called Strike 1-2: Grounds into double play, 6-4-3 (Groundball, 6)
|
Bottom of the 7th over - 0 runs, 1 hit, 0 errors, 0 left on base; Montana 2 - Houston 2 |
TOP OF THE 8TH |
Montana Pandas batting - Pitching for Houston 1837 BBC : RHP Emil Olsson
|
Batting: RHB Casey Cavell
|
0-0: Called Strike 0-1: Swinging Strike 0-2: Ball 1-2: Ball 2-2: Fly out, F7 (Flyball, 7LDF)
|
Batting: SHB Terumoto Kurihara
|
0-0: Ball 1-0: Foul Ball, location: 2F 1-1: SINGLE (Groundball, 34D)
|
Pinch Runner at 1st Rudko Hrnjak:
|
|
Batting: LHB Roberto Fierro
|
0-0: Ball 1-0: SINGLE (Groundball, 34D) Rudko Hrnjak to second Runner from 2nd tries for 3rd, SAFE, no throw
|
Batting: LHB Melvin Castro
|
0-0: Ball 1-0: Ball Roberto Fierro steals 2nd base 2-0: Intentional Walk
|
Batting: RHB Phil Sherman
|
0-0: Ball 1-0: Foul Ball, location: 2F 1-1: Ball Wild Pitch! Rudko Hrnjak scores Roberto Fierro to third Melvin Castro to second 2-1: Fly out, F9 (Flyball, 9) Runner from 3rd tags up, SCORES, throw made
|
Pitching: RHP Georg von Trapp
|
|
Now in RF: Mike Hanson
|
|
Batting: RHB Armando Alvarado
|
0-0: Foul Ball, location: 2F 0-1: Foul Ball, location: 2F 0-2: Ball 1-2: Ball Wild Pitch! Melvin Castro to third 2-2: Ground out 6-3 (Groundball, 6)
|
Top of the 8th over - 2 runs, 2 hits, 0 errors, 1 left on base; Montana 4 - Houston 2 |
BOTTOM OF THE 8TH |
Houston 1837 BBC batting - Pitching for Montana Pandas : LHP Shigemasa Horiuchi
|
Now at 3B: Pau Arria
|
|
Batting: LHB Fa-tang Wang
|
0-0: Fly out, F7 (Flyball, 78S)
|
Batting: LHB Damian Delaney
|
0-0: Ball 1-0: Ball 2-0: Called Strike 2-1: Ball 3-1: Called Strike 3-2: Ground out 4-3 (Groundball, 4)
|
Batting: LHB Mike Hanson
|
0-0: Called Strike 0-1: Fly out, F9 (Flyball, 9S)
|
Bottom of the 8th over - 0 runs, 0 hits, 0 errors, 0 left on base; Montana 4 - Houston 2 |
TOP OF THE 9TH |
Montana Pandas batting - Pitching for Houston 1837 BBC : RHP Georg von Trapp
|
Batting: RHB Bernardo Herrera
|
0-0: Foul Ball, location: 2F 0-1: Fly out, F9 (Flyball, 9D)
|
Batting: LHB Chris McKinney
|
0-0: Called Strike 0-1: Swinging Strike 0-2: Ground out 1-3 (Groundball, 13S)
|
Batting: RHB Logan Namajunas
|
0-0: Fly out, F7 (Line Drive, 78M)
|
Top of the 9th over - 0 runs, 0 hits, 0 errors, 0 left on base; Montana 4 - Houston 2 |
BOTTOM OF THE 9TH |
Houston 1837 BBC batting - Pitching for Montana Pandas : LHP Shigemasa Horiuchi
|
Batting: SHB Galtero Suárez
|
0-0: Foul Ball, location: 2F 0-1: Foul Ball, location: 2F 0-2: SINGLE (Line Drive, 34)
|
Pitching: RHP Valentín Montenegro
|
|
Batting: RHB Bob Dickerson
|
0-0: Ball 1-0: Called Strike 1-1: Swinging Strike 1-2: Fly out, F9 (Flyball, 9LSF)
|
Batting: RHB Scott Robertson
|
0-0: Called Strike 0-1: Ball 1-1: Called Strike 1-2: Ball 2-2: Strikes out swinging
|
Pinch Hitting: LHB Guillermo Arellano
|
0-0: Ball 1-0: Ball 2-0: Ball 3-0: Called Strike 3-1: Fly out, F9 (Flyball, 9LSF)
|
Bottom of the 9th over - 0 runs, 1 hit, 0 errors, 1 left on base; Montana 4 - Houston 2 |
|